 Seeded DCSS version 0.29.1-13-g9f3cf754e1 (webtiles) character file.

Game seed: 16245865983455551772 (custom seed)

12 OTABOTABOTAB the Grave Robber (level 2, 15/15 HPs)
             Began as a Deep Elf Necromancer on Jan 24, 2023.
             Quit the game on level 1 of the Dungeon.
             The game lasted 00:01:26 (404 turns).

OTABOTABOTAB the Grave Robber (Deep Elf Necromancer) Turns: 404, Time: 00:01:26

Health: 15/15      AC:  2    Str:  5    XL:     2   Next: 20%
Magic:  8/8        EV: 13    Int: 19    God:
Gold:   1694       SH:  0    Dex: 15    Spells: 6/7 levels left

rFire   . . .      SeeInvis .   d - staff of death {rN+}
rCold   . . .      Faith    .   (no shield)
rNeg    + . .      Spirit   .   a - +0 robe
rPois   .          Reflect  .   (no helmet)
rElec   .          Harm     .   (no cloak)
rCorr   .          Rampage  .   (no gloves)
Will    .....                   (no boots)
Stlth   ++........              (no amulet)
HPRegen 0.05/turn               (no ring)
MPRegen 0.11/turn               (no ring)

@: no status effects
A: no striking features
a: no special abilities


You were on level 1 of the Dungeon.
You visited 1 branch of the dungeon, and saw 1 of its levels.

You collected 1694 gold pieces.

Inventory:

Missiles
 e - 2 poisoned darts
Armour
 a - a +0 robe (worn)
Magical Staves
 d - a staff of death (weapon) {rN+}
   (You acquired it on level 1 of the Dungeon)
Potions
 b - a potion of might {unknown}
 c - 2 potions of flight {unknown}
 M - a potion of magic


   Skills:
 - Level 2.7 Dodging
 - Level 2.8 Stealth
 + Level 3.3 Spellcasting
 + Level 5.0 Necromancy


You had 6 spell levels left.
You knew the following spells:

 Your Spells              Type           Power      Damage    Failure   Level
a - Necrotise             Necr           100%       1d9       1%          1

Your spell library contained the following spells:

 Spells                   Type           Power      Damage    Failure   Level
 Vampiric Draining        Necr           33%        2d8       5%          3
 Animate Dead             Necr           33%        N/A       19%         4
 Agony                    Necr           33%        N/A       45%         5


Dungeon Overview and Level Annotations

Branches:
Dungeon (1/15)

Altars:


Message History

Your goblin skeleton crumbles into dust!
You swap places.
Your quokka skeleton crumbles into dust!
You see here a +0 dagger.
s - 6 stones You see here 3 scrolls labelled WAC GOIFOFITOUPLEC.
MP restored: 6 The endoplasm quivers.
The endoplasm writhes in agony.
You now have 5/6 mp.
The endoplasm writhes in agony.
You now have 4/6 mp.
You hit the endoplasm.
You kill the endoplasm!
b - 3 scrolls labelled WAC GOIFOFITOUPLEC This is a scroll of acquirement!
Something appears at your feet!
d - a staff of death {rN+}
d - a staff of death (weapon)
{rN+} You drop a +0 dagger.
You drop 6 stones.
Something appears at your feet! Something appears at your feet!
Okay, then.
Okay, then.
You now have 1684 gold pieces.
A quokka comes into view.
MP restored: 6 A quokka is nearby!
You feel a surge of power!
The quokka writhes in agony.
You now have 5/6 mp.
You feel a surge of power!
The quokka writhes in agony.
You kill the quokka!
The dead are hopping!
You now have 4/6 mp.
Your quokka skeleton crumbles into dust!
An endoplasm comes into view.
MP restored: 6 An endoplasm is nearby!
You feel a surge of power!
The endoplasm quivers.
The endoplasm writhes in agony.
You kill the endoplasm!
You now have 5/6 mp.
No target in view!
No target in view!
b - a fuming brown potion MP restored: 6 You now have 1694 gold pieces (gained 10).
c - 2 cyan potions
Found a faded altar of an unknown god.
There is a faded altar of an unknown god here.
You open the door.
A rat and an endoplasm come into view.
There are monsters nearby!
You feel a surge of power!
The endoplasm quivers.
The endoplasm writhes in agony!
You kill the endoplasm!
Your Necromancy skill increases to level 5!
You have reached level 2!
Health restored: 15 A rat is nearby!
There is an open door here.
You feel a surge of power!
The rat writhes in agony.
You kill the rat!
The dead are walking!
You now have 5/8 mp.
No target in view!
You swap places.
Your rat skeleton crumbles into dust!
A ball python comes into view.
MP restored: 8 A ball python is nearby!
The ball python hisses angrily.
You feel a surge of power!
The ball python writhes in agony!
You kill the ball python!
The dead are slithering!
You now have 7/8 mp.
No target in view!
A frilled lizard comes into view.
MP restored: 8 A frilled lizard is nearby!
You feel a surge of power!
The frilled lizard hisses angrily.
The frilled lizard barely resists.
You now have 7/8 mp.
You feel a surge of power!
The frilled lizard writhes in agony!
You kill the frilled lizard!
The dead are walking!
A ball python comes into view.
You now have 6/8 mp.
You feel a surge of power!
The ball python writhes in agony.
You kill the ball python!
The dead are slithering!
You now have 5/8 mp.
Your ball python skeleton crumbles into dust!
Your ball python skeleton crumbles into dust!
e - 2 poisoned darts MP restored: 8

...####....####.........####.#.##
..............+.........'...###..
#.#####....####.........##.## ##_
..# #.#.## ##.......####.###.#
.## #.### ##.....## ##.#..# .#
#.# ##...## ##.#.# )# #.# ##+##
###.# .# #.# #######.# #.#
.######.#####...@.#.# #.#
.##...........###.#.#### #.#
.##.###.###...# #......# #.#
.##.# #.###...###......# #.#
.##.# #..............#.#
###.#######..###.##.## #
#..............##.#
#################.# #.#


There were no monsters in sight!

Vanquished Creatures
  2 ball pythons (D:1)
  3 endoplasms (D:1)
  A goblin (D:1)
  2 quokkas (D:1)
  A frilled lizard (D:1)
  A rat (D:1)
10 creatures vanquished.

Notes
Turn   | Place    | Note
-------+----------+-------------------------------------------
     0 | D:1      | OTABOTABOTAB the Deep Elf Necromancer began the quest for
                  | the Orb.
     0 | D:1      | Reached XP level 1. HP: 10/10 MP: 6/6
   113 | D:1      | Identified 3 scrolls of acquirement
   113 | D:1      | Acquired a staff of death
   118 | D:1      | Acquired 643 gold pieces
   119 | D:1      | Acquired 1041 gold pieces
   244 | D:1      | Found a faded altar of an unknown god.
   264 | D:1      | Reached skill level 5 in Necromancy
   264 | D:1      | Reached XP level 2. HP: 15/15 MP: 6/8
   404 | D:1      | Quit the game

Illustrated notes

Levels and vault maps discovered:
D:1:      minmay_arrival_hallway, layout_loops_corners, basic_ecumenical_altar,
          minmay_unequal

Skill      XL: |  1 |
---------------+----+-----
Necromancy     | 5 |  5.0
Dodging        | |  2.7
Stealth        | |  2.8
Spellcasting   | |  3.3

Action                   || total
-------------------------++-------
Melee: Dagger            ||     1
 Cast: Necrotise         ||    14
  Use: Scroll            ||     3

Table legend: (Time is in decaauts)
 A = Elapsed time spent in this place.
 B = Non-inter-level travel time spent in this place.
 C = Inter-level travel time spent in this place.
 D = Time resting spent in this place.
 E = Time spent auto-exploring this place.
 F = Levels seen in this place.
 G = Mean time per level.
                   A        B        C        D        E       F      G
               +--------+--------+--------+--------+--------+-----+--------+
         Total |    401 |    401 |      0 |      0 |    339 |   1 |  401.0 |
       Dungeon |    401 |    401 |      0 |      0 |    339 |   1 |  401.0 |
               +--------+--------+--------+--------+--------+-----+--------+

Top non-repeatable levels by time:
     D:1: 401 daAuts

Table legend:
 A = Kills in this place as a percentage of kills in entire the game.
 B = Kills by you in this place as a percentage of kills by you in the entire game.
 C = Kills by friends in this place as a percentage of kills by friends in the entire game.
 D = Other kills in this place as a percentage of other kills in the entire game.
 E = Experience gained in this place as a percentage of experience gained in the entire game.
 F = Experience gained in this place divided by the number of levels of this place that you have seen.
                   A       B       C       D       E      F
               +-------+-------+-------+-------+-------+----------------------
         Total | 100.0 | 100.0 |   N/A |   N/A | 100.0 |  18.0
       Dungeon | 100.0 | 100.0 |   N/A |   N/A | 100.0 |  18.0
               +-------+-------+-------+-------+-------+----------------------
